 Dungeon Crawl Stone Soup version 0.19-a0-1704-gbd66c22 (webtiles) character file.

372 KristoblXynda the Sneak (level 6, -4/24 HPs)
             Began as a Felid Air Elementalist on Sept 27, 2016.
             Slain by Duvessa
             ... wielding a +0 rapier
              (6 damage)
             ... on level 4 of the Dungeon.
             The game lasted 00:14:41 (6998 turns).

KristoblXynda the Sneak (Felid Air Elementalist)    Turns: 6998, Time: 00:14:42

Health: -4/24      AC:  3    Str:  6    XL:     6   Next: 43%
Magic:  10/10      EV: 18    Int: 16    God:
Gold:   183        SH:  0    Dex: 17    Spells: 2 memorised, 6 levels left
                                        Lives:  0   Deaths: 1

rFire  . . .     SeeInvis +       - Unarmed
rCold  . . .     Gourm    .     (armour unavailable)
rNeg   . . .     Faith    .     (shield unavailable)
rPois  .         Spirit   .     (helmet unavailable)
rElec  .         Dismiss  .     (cloak unavailable)
rCorr  .         Reflect  .     (gloves unavailable)
MR     .....     Harm     .     (boots unavailable)
Stlth  +++++.....               h - amulet of magic regeneration
                                (no ring)
                                m - ring of stealth

@: quick
A: no armour, no weapons or thrown items, claws 1, fangs 3, see invisible,
carnivore 3, speed 1, shaggy fur 2, slow metabolism 1, sharp paws
a: no special abilities


You were on level 4 of the Dungeon.
You were full.

You visited 1 branch of the dungeon, and saw 4 of its levels.

You collected 183 gold pieces.

Inventory:

Jewellery
 h - an amulet of magic regeneration (around neck)
 m - a ring of stealth (left paw)
Wands
 o - a wand of teleportation (0/9)
Scrolls
 c - a scroll of identify
 d - 2 scrolls of remove curse
 e - 3 scrolls of immolation
 g - a scroll of blinking
Potions
 k - a potion of flight
 q - 2 potions of magic
Books
 a - a book of Air

   Spells                             Type                      Level
   a - Shock                          Conjuration/Air              1
   b - Swiftness                      Charms/Air                   2
   c - Repel Missiles                 Charms/Air                   2
   d - Static Discharge               Conjuration/Air              3
   e - Lightning Bolt                 Conjuration/Air              5
Comestibles
 b - 2 meat rations
 f - 2 slices of pizza


   Skills:
 - Level 2.6 Dodging
 + Level 6.0 Stealth
 + Level 3.6 Unarmed Combat
 - Level 2.0 Spellcasting
 - Level 2.2 Conjurations
 + Level 4.4 Air Magic


You had 6 spell levels left.
You knew the following spells:

 Your Spells              Type           Power        Failure   Level  Hunger
a - Shock                 Conj/Air       ##..         8%          1    #......
b - Swiftness             Chrm/Air       #.......     14%         2    ###....


Dungeon Overview and Level Annotations

Branches:
Dungeon (4/15)
 Temple: D:4-7

Altars:
Makhleb

Shops:
D:4 :

Annotations:
D:4 Dowan; Duvessa; kae's ghost, amateur DrTm


Innate Abilities, Weirdness & Mutations

You cannot wear armour.
You are incapable of wielding weapons or throwing items.
You have sharp claws.
You have razor-sharp teeth.
You have supernaturally acute eyesight. (SInv)
You are carnivorous and can eat meat at any time.
You cover ground quickly.
You are covered in thick fur. (AC +2)
You have a slow metabolism.
Your sharp claws are effective at attacking unaware monsters.


Message History

You feel sluggish.
Duvessa says, "When magic and the sword combine, nothing stands against them."
Casting: Shock
Confirm with . or Enter, or press ? or * to list all spells.
You don't know that spell.
You start to feel a little faster.
Duvessa gestures with her weapon.
Duvessa hits you with a rapier.
A giant cockroach comes into view.
There is an open door here.
You no longer feel sluggish.
Dowan points at Duvessa and mumbles some strange words.
Duvessa seems to speed up.
Dowan casts a spell.
Dowan blinks!
Duvessa hits you with a rapier!
* * * LOW HITPOINT WARNING * * *
Okay, then.
Duvessa hits you with a rapier.
You die...

..#.....#.....#.....##.......##..
..#.....#.....#...............#..
..#.....#....##.....##.......####
..#.....#....##.....##.......#...
..#######....................'...
...# #............##########...
...# ########.....# ...........
...# #......#.e...# ...........
...# #......##@####.........###
...# #......................#
...# #......................#
..## #......................# ..#
#...................<..# ...
#......................# ...#
#......#######.........+ )..#
#...... .........# #...... ..


You could see Duvessa.

Vanquished Creatures
  An ice beast (D:4)
  A hound (D:3)
  An orc priest (D:3)
  An iguana (D:4)
  Terence (D:3)
  Jessica (D:3)
  A worker ant (D:4)
  3 gnolls (D:2)
  4 adders
  An ooze (D:3)
  An adder skeleton (D:4)
  3 worms
  3 dart slugs
  6 leopard geckos
  12 orcs (D:3)
  5 giant cockroaches
  6 goblins
  9 hobgoblins
  12 jackals
  A quokka (D:3)
  3 ball pythons
  11 bats
  6 frilled lizards
  4 kobolds
  10 rats
107 creatures vanquished.

Notes
Turn   | Place    | Note
-------+----------+-------------------------------------------
     0 | D:1      | KristoblXynda the Felid Air Elementalist began the quest for the Orb.
     0 | D:1      | Reached XP level 1. HP: 7/7 MP: 4/4
    19 | D:1      | Reached skill level 1 in Conjurations
   655 | D:1      | Reached XP level 2. HP: 11/11 MP: 4/6
   843 | D:1      | Reached skill level 3 in Stealth
  1065 | D:1      | Reached skill level 1 in Unarmed Combat
  1082 | D:1      | Reached XP level 3. HP: 8/14 MP: 1/7
  1821 | D:2      | Reached XP level 4. HP: 11/18 MP: 0/8
  2214 | D:2      | Reached skill level 4 in Stealth
  3431 | D:3      | Found a burning altar of Makhleb.
  3462 | D:3      | Reached XP level 5. HP: 7/21 MP: 6/9
  3909 | D:3      | Slain by an orc
  3910 | D:3      | Reached XP level 4. HP: -5/18 MP: 1/8
  4062 | D:3      | Noticed Jessica
  4066 | D:3      | Killed Jessica
  4159 | D:3      | Reached skill level 5 in Stealth
  4260 | D:3      | Reached XP level 5. HP: 21/21 MP: 1/9
  4262 | D:3      | Noticed Terence
  4983 | D:3      | Killed Terence
  5477 | D:4      | Learned a level 2 spell: Swiftness
  5619 | D:4      | Found Doiceosk's Book Shoppe.
  5620 | D:4      | Noticed kae's ghost (amateur DrTm)
  6443 | D:4      | Noticed Duvessa
  6443 | D:4      | Noticed Dowan
  6443 | D:4      | Noticed an ice beast
  6485 | D:4      | Killed an ice beast
  6485 | D:4      | Gained mutation: You are covered in thick fur. (AC +2) [Felid growth]
  6485 | D:4      | Reached XP level 6. HP: 24/24 MP: 10/10
  6596 | D:4      | Reached skill level 6 in Stealth
  6991 | D:4      | HP: 1/24 [Duvessa/rapier (10)]
  6998 | D:4      | Slain by Duvessa

Vault maps used:
D:1:      sevenhm_arrival_forest_fort_large_1
D:2:      minmay_misc_feat_plants
D:3:      makhleb_blood_cavern_becter, serial_bayou_pond_a, dk_vineyard_3,
          uniq_jessica, uniq_terence
D:4:      kennysheep_big_flooded_room, serial_shops, nicolae_shop_stone,
          uniq_blork_the_orc, uniq_duvessa

Skill      XL: |  1  2  3  4  5  6 |
---------------+-------------------+-----
Conjurations   | 1 2 |  2.2
Air Magic      | 3 4 |  4.4
Stealth        | 3 5 6 |  6.0
Unarmed Combat | 1 2 3 |  3.6
Dodging        | |  2.6
Spellcasting   | |  2.0

Action                   |  1- 3 |  4- 6 || total
-------------------------+-------+-------++-------
Melee: Unarmed           |    99 |   176 ||   275
       Bite              |    11 |    13 ||    24
       Punch             |     1 |     2 ||     3
 Cast: Shock             |    44 |   156 ||   200
       Swiftness         |       |     1 ||     1
Evoke: Wand              |       |     1 ||     1
  Use: Potion            |       |     6 ||     6
       Scroll            |       |    10 ||    10
 Stab: Sleeping          |     2 |     9 ||    11
       Distracted        |     1 |       ||     1
  Eat: Chunk             |     8 |    11 ||    19
Armor: Skin              |    18 |    22 ||    40
Dodge: Dodged            |   106 |   159 ||   265
